Map: Kairos Junction LE

Players

TiPtOP - Winner!

  • Race: Terran Terran
  • League: Silver
  • Spawn Location: 11:00

Wolfie

  • Race: Zerg Zerg
  • League: Silver
  • Spawn Location: 5:00

VOD

Have the link to the VOD?

Description

Time

  • Played on: Aug. 18, 2019, 8:58 a.m.
  • Length: 22:09
Show
View Real Time Build Order
Export as new Build Order

TiPtOP Terran - Winner!

Build Orders: Mech 

Get SALT Encoding   

  12  0:01  SCV  
  13  0:14  SCV  
  14  0:24  Supply Depot  
  14  0:31  SCV  
  15  0:46  SCV  
  16  0:52  Barracks  
  16  0:57  Refinery  
  16  1:04  SCV  
  17  1:16  SCV  
  18  1:28  SCV  
  19  1:40  Supply Depot  
  19  1:41  Barracks Tech Lab  
  19  1:44  Orbital Command  
  19  1:59  Command Center  
  19  2:02  Marine  
  20  2:21  SCV  
  21  2:33  SCV  
  22  2:45  SCV  
  23  2:52  Factory  
  23  2:59  Marine  
  23  3:03  SCV  
  25  3:08  Refinery  
  24  3:15  SCV  
  25  3:37  Bunker  
  25  3:50  Hellion  
  25  3:55  Factory  
  27  4:00  Orbital Command  
  27  4:01  SCV  
  28  4:13  SCV, Supply Depot  
  29  4:17  Siege Tank  
  32  4:25  SCV  
  33  5:02  Marine  
  33  5:03  Engineering Bay  
  34  5:09  Bunker  
  34  5:19  Marine  
  35  5:36  Factory Tech Lab  
  35  5:38  SCV x2  
  37  5:48  Supply Depot  
  37  5:50  SCV  
  38  5:58  Supply Depot  
  38  6:11  Command Center, Supply Depot  
  38  6:18  SCV x2, Armory x2  
  38  6:22  Siege Tank  
  42  6:28  Missile Turret  
  42  6:30  SCV  
  43  6:37  Bunker  
  41  6:49  Hellion  
  40  7:03  Orbital Command  
  38  7:10  Hellion  
  40  7:21  Terran Vehicle And Ship Armor Level 1, Terran Vehicle Weapons Level 1  
  40  7:25  Orbital Command  
  40  7:31  Factory  
  40  7:34  Siege Tank  
  43  7:38  SCV  
  44  7:50  SCV  
  45  7:56  Refinery  
  45  8:02  SCV  
  45  8:03  Orbital Command  
  46  8:06  Siege Tank  
  49  8:14  SCV  
  48  8:26  SCV  
  46  8:38  SCV  
  47  8:50  SCV  
  48  9:03  SCV  
  48  9:07  Factory Reactor  
  55  9:13  Thor  
  55  9:14  Thor  
  55  9:15  SCV  
  62  9:19  SCV  
  63  9:27  SCV  
  64  9:31  SCV  
  64  9:36  Missile Turret  
  65  9:39  SCV  
  65  9:43  Missile Turret, SCV  
  67  9:51  SCV  
  68  10:04  SCV  
  67  10:16  Missile Turret, SCV  
  68  10:28  SCV  
  66  10:45  Thor  
  66  10:47  Hellion  
  66  10:48  Hellion  
  73  11:13  Missile Turret  
  73  11:14  Refinery  
  73  11:17  Missile Turret  
  73  11:20  Refinery  
  73  11:30  Orbital Command  
  73  11:35  Missile Turret  
  73  11:47  SCV  
  73  11:48  SCV  
  75  11:55  Supply Depot  
  75  11:56  Supply Depot  
  75  11:57  Supply Depot  
  75  11:58  Supply Depot  
  75  11:59  SCV  
  76  12:03  Missile Turret, SCV  
  76  12:04  Missile Turret  
  77  12:16  Thor, SCV  
  77  12:17  Missile Turret, Thor  
  90  12:28  SCV  
  91  12:47  Supply Depot  
  78  12:59  Thor  
  78  13:04  SCV  
  85  13:11  Supply Depot  
  79  13:14  Hellion x3  
  79  13:16  SCV  
  86  13:28  SCV  
  82  13:34  Supply Depot  
  82  13:46  Hellion x4  
  82  13:47  Infernal Pre-Igniter  
  90  13:59  Missile Turret  
  86  14:20  Orbital Command  
  66  14:58  SCV  
  66  14:59  SCV  
  69  15:00  SCV  
  69  15:10  SCV  
  69  15:12  SCV x2  
  72  15:23  SCV  
  71  15:31  Hellion x3  
  71  15:32  Hellion  
  69  15:53  Hellion x4, Supply Depot  
  69  15:56  Supply Depot  
  77  16:11  Smart Servos  
  77  16:15  Hellion x4  
  77  16:16  Supply Depot  
  77  16:17  Command Center  
  85  16:21  Supply Depot  
  73  16:44  Supply Depot  
  73  17:02  Thor x2  
  73  17:06  Terran Vehicle Weapons Level 2  
  73  17:08  Terran Vehicle And Ship Armor Level 2  
  81  17:45  Thor  
  87  17:56  Thor  
  83  18:28  Thor  
  83  18:31  Hellion  
  83  18:32  Hellion  
  93  18:39  Thor  
  99  18:53  Hellion x2  
  101  19:11  Thor  
  101  19:14  Hellion x2  
  111  19:22  Thor  
  117  19:36  Hellion x2  
  121  19:41  Refinery x2  
  103  19:54  Thor  
  103  19:57  Hellion x2  
  107  20:05  Thor  
  101  20:18  Hellion  
  101  20:19  Hellion  
  99  20:27  Orbital Command  
  99  20:39  SCV  
  90  20:52  SCV  
  89  21:04  SCV  
  90  21:17  Command Center  
  90  21:26  Command Center  
  90  21:28  Hellbat x3  
Show
View Real Time Build Order
Export as new Build Order

Wolfie Zerg 

Build Orders: Hatch First, Swarm Host 

Get SALT Encoding   

  12  0:02  Drone  
  13  0:13  Overlord  
  13  0:43  Drone  
  13  0:44  Hatchery  
  13  1:02  Spawning Pool  
  12  1:05  Drone  
  13  1:13  Drone  
  13  1:14  Drone  
  15  1:20  Extractor  
  15  1:25  Drone  
  15  1:30  Overlord  
  15  1:44  Drone  
  16  1:48  Queen  
  18  1:56  Queen  
  18  2:01  Drone  
  21  2:16  Drone x2  
  23  2:23  Zergling x4, Extractor  
  24  2:40  Overlord  
  24  2:47  Pneumatized Carapace  
  24  2:52  Drone x2  
  24  2:56  Drone  
  27  3:00  Drone x3  
  30  3:20  Spore Crawler  
  30  3:25  Drone x3  
  32  3:28  Overlord  
  32  3:31  Lair  
  32  3:50  Evolution Chamber  
  32  3:52  Evolution Chamber  
  32  3:54  Drone x6  
  36  4:03  Queen  
  36  4:08  Zergling x2  
  36  4:09  Zergling x2  
  40  4:20  Spine Crawler  
  39  4:32  Hydralisk Den  
  39  4:37  Overseer  
  38  4:52  Overlord  
  38  4:53  Overseer  
  38  5:01  Hydralisk x7  
  52  5:08  Overlord  
  52  5:25  Spire  
  51  5:38  Zergling x2  
  51  5:39  Zergling x16  
  60  6:02  Zerg Ground Armor Level 1  
  60  6:12  Muscular Augments  
  52  6:40  Hydralisk x3  
  49  7:20  Mutalisk x2  
  53  7:31  Extractor  
  53  7:34  Extractor  
  51  7:41  Zergling x14  
  58  7:44  Hatchery  
  57  8:10  Zergling x8  
  61  8:20  Zergling x2  
  61  8:21  Zergling x2  
  53  8:57  Queen  
  53  9:01  Mutalisk  
  53  9:02  Mutalisk x2  
  61  9:10  Drone  
  61  9:11  Drone x2  
  61  9:13  Drone x3  
  67  9:23  Drone x3  
  70  9:42  Infestation Pit  
  70  9:44  Zerg Flyer Weapons Level 1  
  64  10:16  Corruptor x3  
  70  10:22  Hydralisk x2  
  70  10:24  Overlord x4  
  68  10:56  Hive  
  68  11:01  Swarm Host x3  
  68  11:02  Swarm Host x3  
  86  11:12  Zergling x10  
  86  11:16  Metabolic Boost  
  91  11:55  Nydus Network  
  90  12:01  Zergling x2  
  90  12:02  Zergling x28  
  105  12:14  Greater Spire  
  89  13:00  Nydus Canal  
  85  13:11  Zergling x2  
  85  13:12  Zergling x34  
  80  14:41  Zergling x36  
  98  14:59  Nydus Canal  
  98  15:06  Corruptor x3  
  100  15:07  Corruptor  
  100  15:09  Overlord x2  
  100  15:13  Zerg Flyer Weapons Level 2  
  88  15:57  Extractor  
  88  15:58  Extractor  
  86  16:09  Hatchery  
  85  16:26  Brood Lord x3  
  85  16:30  Zergling x14  
  85  16:31  Zergling x12  
  100  17:13  Zergling x18  
  100  17:33  Queen  
  102  17:39  Drone x2  
  104  17:45  Zerg Melee Weapons Level 1  
  104  17:47  Zerg Ground Armor Level 2  
  104  17:52  Nydus Canal  
  80  18:31  Corruptor  
  80  18:32  Corruptor x10  
  88  19:10  Hatchery  
  88  19:16  Brood Lord x4  
  99  19:28  Hydralisk  
  99  19:29  Hydralisk x8  
  93  19:45  Brood Lord  
  63  20:00  Brood Lord  
  63  20:01  Brood Lord  
  57  20:16  Brood Lord  
  50  20:51  Drone x3  
  53  21:05  Hydralisk  
  53  21:06  Hydralisk x5  
  65  21:27  Hatchery  
Tags
 
Add a new tag
Caveats
  • Supply blocks, unpowered buildings, or Contaminate may cause inaccurate times.
  • Supply counts are checked every 10 seconds.